 Dungeon Crawl Stone Soup version 0.23.2-1-ga50397a6bc (webtiles) character file.

Game seed: 2690250055630810365

21607 Gargoyl the Envoy of Void (level 12, -3/154 HPs)
             Began as a Centaur Abyssal Knight on Apr 26, 2019.
             Was a High Priest of Lugonu.
             Killed from afar by a lindwurm (10 damage)
             ... with a blast of flame
             ... in a volcano on Apr 27, 2019.
             The game lasted 00:26:45 (21013 turns).

Gargoyl the Envoy of Void (Centaur Abyssal Knight) Turns: 21013, Time: 00:26:45

Health: -3/154     AC: 11    Str: 26    XL:     12   Next: 55%
Magic:  19/19      EV: 16    Int:  7    God:    Lugonu [*****.]
Gold:   779        SH:  5    Dex: 14    Spells: 11/11 levels left

rFire    + . .     SeeInvis +   D - +1 hand axe (elec)
rCold    + . .     Gourm    .   r - +0 buckler
rNeg     . . .     Faith    .   q - +1 ring mail "Rieg" {rPois Str+3 Int-4 Dex+3} (curse)
rPois    +         Spirit   .   n - +1 helmet
rElec    +         Reflect  .   I - +0 cloak
rCorr    +         Harm     .   (no gloves)
MR       .....                  (no barding)
Stlth    ..........             (no amulet)
HPRegen  0.35/turn              t - ring of see invisible
MPRegen  0.16/turn              w - +3 ring of evasion

@: berserking, resistant, very quick
A: large, hooves 3, deformed body, speed 2, tough skin 3
a: Depart the Abyss, Bend Space, Banish, Corrupt, Enter the Abyss, Renounce
Religion


You were in a volcano.
You worshipped Lugonu.
Lugonu was extremely pleased with you.
You were not hungry.

You visited 2 branches of the dungeon, and saw 13 of its levels.
You visited the Abyss 1 time.
You also visited: Volcano.

You collected 779 gold pieces.

Inventory:

Hand Weapons
 a - a +2 hand axe
 d - the +7 dagger of Destruction {pierce, rElec rPois rF+}
   (You found it on level 2 of the Abyss)

   It inflicts extra damage upon your enemies.
   It protects you from fire.
   It insulates you from electricity.
   It protects you from poison.
 o - a +1 hand crossbow of flaming
 D - a +1 hand axe of electrocution (weapon)
 E - a +2 war axe of flaming
Missiles
 v - 4 steel tomahawks (quivered)
 B - 23 bolts
Armour
 n - a +1 helmet (worn)
 q - the cursed +1 ring mail "Rieg" (worn) {rPois Str+3 Int-4 Dex+3}
   (You took it off an orc on level 3 of the Dungeon)

   It affects your strength (+3).
   It affects your intelligence (-4).
   It affects your dexterity (+3).
   It protects you from poison.
   It has a curse placed upon it.
 r - a +0 buckler (worn)
 I - a +0 cloak (worn)
Jewellery
 t - a ring of see invisible (left hand)
 w - a +3 ring of evasion (right hand)
Wands
 s - a wand of acid (7)
 u - a wand of enslavement (10)
 y - a wand of random effects (12)
 z - a wand of iceblast (7)
 A - a wand of disintegration (9)
 C - a wand of polymorph (10)
 G - a wand of scattershot (3)
Scrolls
 e - a scroll of fog
 g - 6 scrolls of remove curse
 k - 4 scrolls of teleportation
 m - 2 scrolls of identify
 x - a scroll of fear
 F - a scroll of amnesia
Potions
 b - a potion of cancellation
 f - a potion of resistance
 h - 5 potions of curing
 j - a potion of ambrosia
 l - a potion of berserk rage
 p - 3 potions of lignification
Comestibles
 c - 23 rations


   Skills:
 + Level 8.3 Fighting
 + Level 8.9 Short Blades
 + Level 3.9 Axes
 + Level 3.6 Crossbows
 + Level 6.6 Armour
 * Level 7.5 Dodging
 + Level 3.2 Shields
 * Level 10.3 Invocations
 + Level 0.2 Evocations


You had 11 spell levels left.
You didn't know any spells.
Your spell library was empty.

Dungeon Overview and Level Annotations

Branches:
Dungeon (9/15)             Temple (0/1) D:4            Lair (4/6) D:9
 Shoals (0/4) Lair:3        Snake (0/4) Lair:3          Orc (0/2) D:9

Altars:
Ashenzari
Fedhas
Gozag
Nemelex Xobeh
Okawaru
Qazlal
Sif Muna
Vehumet
Xom
The Shining One
Beogh


Innate Abilities, Weirdness & Mutations

You have hooves in place of feet.
Armour fits poorly on your strangely shaped body.
You cover ground very quickly.
You have extremely tough skin. (AC +3)


Message History

The lindwurm claws you but does no damage. x2
You barely miss the lindwurm. You kick the lindwurm!
The lindwurm is almost dead.
The lindwurm bites you!
* * * LOW HITPOINT WARNING * * *
The lindwurm misses you.
The lindwurm claws you but does no damage.
You closely miss the lindwurm. You kick the lindwurm.
The lindwurm is almost dead.
The lindwurm bites you.
* * * LOW HITPOINT WARNING * * *
The lindwurm closely misses you.
The lindwurm claws you but does no damage.
You hit the lindwurm.
The lindwurm is almost dead.
You closely miss the lindwurm. Your kick misses the lindwurm.
The lindwurm is almost dead.
The lindwurm breathes flames at you. The blast of flame hits you! You resist.
You die...

≈§≈§§≈≈≈§≈§≈§≈≈§≈§§§≈≈≈§≈≈≈≈§≈≈≈≈
§§≈≈§≈≈§.................§§§≈§§§§
≈≈≈≈§≈≈.########'###### #§§§≈§≈≈≈
≈≈≈≈≈≈≈.# #.# #.≈§§≈§≈≈ ≈≈≈§≈...#
#.# ≈≈≈..≈≈.# #.# ≈.§§≈≈≈.# #.#
.≈§§§≈≈.######.#.#
≈≈§§≈§§.#......#@#
≈§≈§≈≈≈.###++###k# ≈ ≈≈≈≈≈≈≈.#
.D. ≈ ≈≈≈≈≈≈≈.# .8_8. ≈ ≈≈≈≈≈≈≈.#
+.....+ ≈§§§ ≈≈≈≈≈≈≈.# #######
§≈§≈ ≈≈§§§°≈°°○○○°○○ §§≈≈
≈≈≈≈≈≈≈≈≈≈○°°○≈ ≈§§§§≈
≈≈≈≈≈°≈≈°°○○≈○≈§§≈≈≈≈≈≈§≈≈≈≈§°§○≈


You could see a lindwurm and a steam dragon.

Vanquished Creatures
  Gastronok (Lair:1)
  A hydra (D:9)
  The ghost of P0WERM0DE the Skirmisher, a novice VSFi of Uskayaw (D:8)
  Pikel (D:4)
  A manticore (Lair:3)
  A black mamba (Lair:3)
  6 spiny frogs
  2 rime drakes (Lair:3)
  A komodo dragon (Lair:1)
  A troll (D:9)
  7 dream sheep
  6 hippogriffs
  Sigmund (D:4)
  3 wyverns
  2 fire bats (Volcano)
  A basilisk (Lair:1)
  25 yaks
  A steam dragon (Volcano)
  The ghost of Wolfsmond the Magician, an amateur DsTm (D:3)
  2 wargs (D:8)
  2 hungry ghosts
  4 nagas (Lair:3)
  10 water moccasins
  Duvessa (D:4)
  A hell hound (Volcano)
  2 porcupines
  3 black bears
  8 orc warriors
  2 ice beasts
  3 phantoms
  An ogre (D:6)
  3 wolves
  A centaur (D:8)
  3 crocodiles
  3 big kobolds (D:9)
  11 bullfrogs
  Dowan (D:4)
  7 scorpions
  5 howler monkeys
  5 lava snakes (Volcano)
  4 crimson imps
  2 bullfrog zombies (D:7)
  2 centaur skeletons
  A bullfrog skeleton (D:9)
  6 hounds
  5 orc priests
  2 jellies
  6 iguanas
  8 orc wizards
  10 worker ants
  3 hell rats (Lair:3)
  A worker ant zombie (D:7)
  Robin (D:4)
  8 adders
  6 river rats (Lair:3)
  A shadow imp (D:7)
  2 oozes
  An adder zombie (D:7)
  2 adder skeletons
  2 worms
  2 dart slugs
  A leopard gecko (D:1)
  42 orcs
  4 ball pythons
  4 giant cockroaches
  15 goblins
  6 hobgoblins
  4 jackals (D:1)
  10 kobolds
  A quokka (D:5)
  7 bats
  2 frilled lizards
  A jackal zombie (D:6)
  2 quokka skeletons
  A quokka zombie (D:7)
  11 rats
  2 fungi
  A plant (Lair:3)
  3 toadstools (D:1)
333 creatures vanquished.

Vanquished Creatures (others)
  A black mamba (Lair:2)
  A slave (D:4)
  4 fungi
  5 plants (Lair:3)
  A toadstool (D:1)
12 creatures vanquished.

Grand Total: 345 creatures vanquished

Notes
Turn   | Place    | Note
-------+----------+-------------------------------------------
     0 | Abyss:1  | Gargoyl the Centaur Abyssal Knight began the quest for the
                  | Orb.
     0 | Abyss:1  | Reached XP level 1. HP: 19/19 MP: 2/2
    23 | Abyss:2  | Found a corrupted altar of Lugonu.
    63 | Abyss:2  | Noticed a sun demon
    68 | Abyss:2  | Got an encrusted dagger
    69 | D:1      | Escaped the Abyss
    70 | D:1      | Identified the +7 dagger of Destruction {pierce, rElec
                  | rPois rF+} (You found it on level 2 of the Abyss)
   322 | D:1      | Reached * piety under Lugonu
   331 | D:1      | Reached XP level 2. HP: 26/26 MP: 3/3
   486 | D:1      | Reached skill level 1 in Dodging
  1126 | D:2      | Reached XP level 3. HP: 27/31 MP: 4/4
  2159 | D:3      | Reached XP level 4. HP: 35/40 MP: 5/5
  2321 | D:3      | Found a runed translucent gate.
  2322 | D:3      | Found a runed translucent gate.
  2322 | D:3      | Identified the cursed +1 dagger of Urgency {pain, rC+}
  2322 | D:3      | Identified the cursed +1 ring mail "Rieg" {rPois Str+3
                  | Int-4 Dex+3}
  2322 | D:3      | Noticed Wolfsmond's ghost (amateur DsTm)
  2326 | D:3      | Found a runed translucent gate.
  2362 | D:3      | Found a roughly hewn altar of Beogh.
  2514 | D:3      | Reached skill level 1 in Short Blades
  2631 | D:3      | Killed Wolfsmond's ghost
  2631 | D:3      | Reached skill level 3 in Invocations
  2631 | D:3      | Reached XP level 5. HP: 24/46 MP: 7/7
  2635 | D:3      | Reached ** piety under Lugonu
  2852 | D:4      | Reached XP level 6. HP: 52/52 MP: 8/8
  2859 | D:4      | Noticed Robin
  2869 | D:4      | Killed Robin
  3098 | D:4      | Noticed Sigmund
  3125 | D:4      | Killed Sigmund
  3125 | D:4      | Reached XP level 7. HP: 52/60 MP: 9/9
  3418 | D:4      | Noticed Dowan
  3435 | D:4      | Killed Dowan
  3442 | D:4      | Noticed Duvessa
  3492 | D:4      | Killed Duvessa
  3492 | D:4      | Reached skill level 4 in Invocations
  3739 | D:4      | Noticed Pikel
  3788 | D:4      | Killed Pikel
  3788 | D:4      | Reached XP level 8. HP: 45/67 MP: 11/11
  4063 | D:4      | Reached skill level 5 in Fighting
  4063 | D:4      | Reached skill level 1 in Shields
  4097 | D:4      | Found a glowing golden altar of the Shining One.
  4513 | D:4      | Reached skill level 5 in Invocations
  4594 | D:4      | Reached *** piety under Lugonu
  4659 | D:4      | Found a staircase to the Ecumenical Temple.
  4707 | D:5      | Entered Level 5 of the Dungeon
  5061 | D:5      | Reached XP level 9. HP: 57/74 MP: 13/13
  5737 | D:6      | Reached skill level 5 in Short Blades
  6342 | D:7      | Reached skill level 6 in Invocations
  6790 | D:7      | Reached **** piety under Lugonu
  6819 | D:7      | Found an opulent altar of Gozag.
  6822 | D:7      | Reached skill level 5 in Dodging
  7821 | D:8      | Reached XP level 10. HP: 83/83 MP: 15/15
  7895 | D:8      | Found a runed translucent door.
  7895 | D:8      | Noticed P0WERM0DE's ghost (novice VSFi)
  7931 | D:8      | Killed P0WERM0DE's ghost
  7931 | D:8      | Reached skill level 5 in Armour
  7931 | D:8      | Reached skill level 7 in Invocations
  9105 | D:9      | Found a staircase to the Lair.
 10078 | D:9      | Noticed a three-headed hydra
 10087 | D:9      | Killed a three-headed hydra
 10387 | D:9      | Reached skill level 8 in Invocations
 10666 | D:9      | Reached XP level 11. HP: 91/91 MP: 17/17
 11761 | D:9      | Found a staircase to the Orcish Mines.
 11849 | D:9      | Found a sparkling altar of Nemelex Xobeh.
 11850 | D:9      | Found a blossoming altar of Fedhas.
 11850 | D:9      | Found a radiant altar of Vehumet.
 11850 | D:9      | Found a deep blue altar of Sif Muna.
 11850 | D:9      | Found a shimmering altar of Xom.
 11851 | D:9      | Found an iron altar of Okawaru.
 11853 | D:9      | Found a shattered altar of Ashenzari.
 11854 | D:9      | Found a stormy altar of Qazlal.
 11921 | Lair:1   | Entered Level 1 of the Lair of Beasts
 13146 | Lair:1   | Reached skill level 1 in Crossbows
 13178 | Lair:1   | Noticed Gastronok
 13198 | Lair:1   | Killed Gastronok
 14622 | Lair:1   | Reached skill level 9 in Invocations
 14878 | Lair:1   | Reached ***** piety under Lugonu
 16178 | Lair:2   | Reached XP level 12. HP: 88/101 MP: 19/19
 17004 | Lair:3   | Found a staircase to the Shoals.
 17951 | Lair:3   | Found a staircase to the Snake Pit.
 17962 | Lair:3   | Reached skill level 10 in Invocations
 19594 | Lair:4   | Identified a scroll of acquirement
 19595 | Lair:4   | Got a slimy scimitar
 19596 | Lair:4   | Identified the +4 scimitar of Fate {antimagic, +Inv rElec
                  | MR++ Dex-2} (You acquired it on level 4 of the Lair of
                  | Beasts)
 19861 | Lair:4   | Found a dark tunnel.
 19875 | Volcano  | Entered a volcano
 20986 | Volcano  | Found a burning altar of Makhleb.
 21011 | Volcano  | HP: 7/154 [lindwurm (5)]
 21013 | Volcano  | Killed from afar by a lindwurm

Skill      XL: |  1  2  3  4  5  6  7  8  9 10 11 12 |
---------------+-------------------------------------+-----
Axes           | 2 3 |  3.9
Dodging        | 1 2 3 4 5 7 |  7.5
Short Blades   | 1 2 3 4 6 7 8 |  8.9
Fighting       | 4 5 6 7 8 |  8.3
Armour         | 2 3 4 5 6 |  6.6
Invocations    | 3 4 5 6 8 9 10 | 10.3
Shields        | 1 2 3 |  3.2
Crossbows      | 3 |  3.6
Evocations     | |  0.2

Action                   |  1- 3 |  4- 6 |  7- 9 | 10-12 || total
-------------------------+-------+-------+-------+-------++-------
Melee: Dagger            |    94 |    63 |   368 |   659 ||  1184
       Kick              |     6 |    19 |   115 |   281 ||   421
       Hand crossbow     |       |       |       |     2 ||     2
       Hand axe          |       |       |       |   152 ||   152
       War axe           |       |       |       |    43 ||    43
 Fire: Hand crossbow     |       |       |       |    37 ||    37
Invok: Depart the Abyss  |     1 |       |       |       ||     1
       Banish            |       |       |       |     2 ||     2
       Bend Space        |       |       |       |     1 ||     1
Evoke: Wand              |       |       |       |     4 ||     4
  Use: Scroll            |    10 |       |     6 |    11 ||    27
       Potion            |       |       |     1 |     9 ||    10
  Eat: Chunk             |     2 |     2 |    11 |    22 ||    37
       Ration            |       |       |     1 |     5 ||     6
Armor: Leather armour    |    52 |     8 |       |       ||    60
       Ring mail         |       |    22 |   105 |   167 ||   294
Dodge: Dodged            |    46 |    35 |   128 |   428 ||   637
Block: Buckler           |       |     7 |    44 |   139 ||   190
